Map: 黑暗杀星

Players

邀月

  • Race: Protoss Protoss
  • League: Master
  • Spawn Location: 5:00

彷徨的衬衫

  • Race: Terran Terran
  • Spawn Location: 5:00

VOD

Have the link to the VOD?

Description

Time

  • Played on: Feb. 24, 2018, 2:17 a.m.
  • Length: 20:38
Show
View Real Time Build Order
Export as new Build Order

邀月 Protoss 

Build Orders:  

Get SALT Encoding   

  12  0:03  Probe (Chrono Boost)  
  13  0:15  Probe (Chrono Boost)  
  14  0:27  Probe (Chrono Boost)  
  15  0:34  Pylon  
  15  0:39  Probe (Chrono Boost)  
  16  0:51  Probe (Chrono Boost)  
  16  0:58  Assimilator  
  17  1:01  Gateway  
  17  1:04  Probe (Chrono Boost)  
  18  1:12  Assimilator  
  18  1:16  Probe (Chrono Boost)  
  19  1:24  Forge  
  19  1:29  Probe (Chrono Boost)  
  20  1:41  Probe (Chrono Boost)  
  21  1:53  Probe (Chrono Boost)  
  21  1:58  Purifier Armaments  
  21  1:59  Kaldalis' A.I. Personality  
  22  2:06  Legionnaire  
  25  2:23  Cybernetics Core  
  26  2:32  Probe (Chrono Boost)  
  26  2:49  Probe (Chrono Boost)  
  27  2:52  Twilight Council  
  27  3:01  Pylon  
  27  3:03  Talis' A.I. Personality  
  27  3:06  Probe (Chrono Boost)  
  28  3:16  Warp Gate  
  28  3:17  Adept  
  30  3:25  Empowered Blades  
  30  3:28  Protoss Ground Weapons Level 1  
  31  3:41  Probe (Chrono Boost)  
  31  3:55  Gateway  
  31  4:00  Gateway  
  31  4:36  Probe (Chrono Boost)  
  32  4:43  Pylon  
  32  4:55  Debilitation System  
  32  5:06  Robotics Facility, Probe (Chrono Boost)  
  32  5:09  Legionnaire  
  36  5:11  Robotics Bay  
  36  5:17  Legionnaire  
  36  5:18  Legionnaire  
  43  6:03  Probe (Chrono Boost)  
  44  6:20  Probe (Chrono Boost)  
  44  6:21  Warbringer's A.I. Personality  
  44  6:22  Protoss Ground Weapons Level 2  
  44  6:25  Nexus  
  44  6:35  Colossus  
  44  6:39  Pylon  
  45  6:41  Probe (Chrono Boost)  
  43  7:00  Probe (Chrono Boost)  
  52  7:16  Probe (Chrono Boost)  
  54  7:34  Immortal  
  54  7:35  Probe (Chrono Boost), Taldarin's A.I. Personality  
  54  7:36  Purification Blast  
  55  7:52  Probe (Chrono Boost)  
  59  8:06  Protoss Air Weapons Level 1  
  59  8:07  Adept  
  59  8:08  Adept  
  59  8:09  Probe (Chrono Boost)  
  64  8:12  Probe (Chrono Boost)  
  64  8:16  Stargate  
  64  8:19  Fleet Beacon  
  65  8:26  Probe (Chrono Boost)  
  65  8:27  Probe (Chrono Boost)  
  64  8:44  Conservator x2  
  68  8:54  Assimilator  
  68  8:56  Probe x2 (Chrono Boost)  
  70  9:00  Assimilator  
  72  9:11  Legionnaire  
  72  9:12  Probe (Chrono Boost)  
  72  9:13  Probe (Chrono Boost)  
  72  9:16  Adept  
  77  9:21  Conservator x2  
  77  9:24  Probe (Chrono Boost)  
  77  9:25  Probe (Chrono Boost)  
  79  9:36  Clolarion's A.I. Personality  
  76  9:41  Adept x2  
  76  9:43  Conservator x2  
  80  9:53  Protoss Air Weapons Level 2  
  80  9:58  Carrier  
  80  10:01  Pylon  
  80  10:04  Conservator x2  
  77  10:19  Adept  
  82  10:29  Adept x3  
  86  10:37  Probe x2 (Chrono Boost)  
  88  10:46  Stargate  
  88  10:49  Stargate, Conservator  
  89  10:50  Conservator  
  89  10:54  Probe (Chrono Boost)  
  86  11:03  Colossus  
  88  11:11  Adept  
  88  11:13  Observation Protocol  
  88  11:20  Conservator  
  88  11:21  Conservator  
  88  11:26  Psionic Projection  
  88  11:51  Protoss Ground Weapons Level 3  
  86  12:11  Pylon  
  86  12:14  Pylon  
  86  12:18  Observer  
  87  12:22  Gateway  
  87  12:23  Gateway  
  87  12:26  Pylon  
  87  12:36  Carrier  
  91  12:48  Carrier x2  
  103  12:51  Gateway  
  103  12:56  Pylon  
  103  12:57  Conservator, Pylon  
  103  13:07  Adept x3  
  107  13:29  Observer  
  106  13:49  Adept x3  
  95  14:18  Interdictors  
  95  14:22  Adept x3  
  95  14:23  Conservator  
  101  14:33  Protoss Air Weapons Level 3  
  101  14:36  Carrier  
  101  14:39  Pylon  
  107  14:41  Pylon  
  107  14:46  Gateway  
  107  14:49  Gateway  
  107  14:52  Scout x2  
  107  14:53  Gateway  
  113  15:03  Conservator  
  113  15:14  Legionnaire x4  
  113  15:18  Adept x2  
  113  15:19  Mojo's A.I. Personality  
  129  15:28  Stargate  
  126  15:31  Stargate  
  126  15:37  Conservator  
  126  15:48  Graviton Catapult  
  120  16:00  Conservator  
  120  16:24  Legionnaire  
  120  16:25  Legionnaire x4  
  120  16:27  Legionnaire  
  138  16:49  Conservator  
  140  16:52  Carrier  
  140  16:54  Probe x2 (Chrono Boost)  
  146  17:17  Probe (Chrono Boost)  
  146  17:18  Pylon  
  146  17:19  Pylon  
  144  17:22  Pylon  
  144  17:23  Conservator  
  144  17:24  Pylon  
  144  17:28  Pylon  
  144  17:43  Adept, Carrier  
  144  17:44  Carrier  
  144  17:46  Adept x3  
  144  17:47  Adept  
  154  17:52  Adept  
  154  17:55  Adept  
  154  17:56  Adept, Legionnaire  
  144  18:11  Adept x2  
  144  18:12  Adept x2, Legionnaire  
  144  18:13  Legionnaire  
  155  18:25  Conservator  
  155  18:26  Adept x3  
  157  18:36  Adept x4  
  157  18:39  Adept  
  151  19:05  Conservator  
  149  19:25  Adept x3  
  149  19:26  Adept, Legionnaire  
  149  19:27  Legionnaire x2  
  156  19:40  Adept x2  
  144  19:58  Adept x5  
  144  19:59  Adept x4  
Show
View Real Time Build Order
Export as new Build Order

彷徨的衬衫 Terran 

Build Orders:  

Get SALT Encoding   

Tags
 
Commander
FenixRaynor
League
Master
Matchup
Co-op
Replay Pack
Co-op Speedrun
Add a new tag
Caveats
  • Supply blocks, unpowered buildings, or Contaminate may cause inaccurate times.
  • Supply counts are checked every 10 seconds.